 Dungeon Crawl Stone Soup version 0.30.1-4-g462c640d31 (webtiles) character file.

Game seed: 13535674554016839587

68 MrPagan1517 the Ruffian (level 4, -5/44 HPs)
             Began as a Troll Monk on Sept 2, 2023.
             Was a Plaything of Xom.
             Slain by a gnoll
             ... wielding a +0 flail
              (10 damage)
             ... on level 3 of the Dungeon.
             The game lasted 00:02:34 (1968 turns).

MrPagan1517 the Ruffian (Troll Monk)                Turns: 1968, Time: 00:02:34

Health: -5/44      AC:  4    Str: 21    XL:     4   Next: 1%
Magic:  3/3        EV: 10    Int:  6    God:    Xom [..*...]
Gold:   149        SH:  0    Dex: 12    Spells: 3/3 levels left

rFire   . .          .
                       - Unarmed
rCold   . . .        c - orb {light}
rNeg    . . .        a - +0 robe
rPois   .            (helmet restricted)
rElec   .            (no cloak)
rCorr   .            (gloves unavailable)
SInv    .            (boots unavailable)
Will    .....        (no amulet)
Stlth   +            (no ring)
HPRegen 1.07/turn    (no ring)
MPRegen 0.08/turn

%: no passive effects
@: brilliant, glowing
A: large, unfitting armour, claws 3, regeneration 1, shaggy fur 1, tough skin 1
a: Renounce Religion


You were on level 3 of the Dungeon.
You worshipped Xom.
You were a toy of Xom.
You visited 1 branch of the dungeon, and saw 3 of its levels.

You collected 149 gold pieces.

Inventory:

Armour
 a - a +0 robe (worn)
 c - an orb of light (worn)
Scrolls
 e - a scroll of magic mapping {unknown}
 f - 6 scrolls of identify {unknown}
 g - a scroll of blinking {unknown}
 i - a scroll of vulnerability {unknown}
 k - a scroll of amnesia {unknown}
Potions
 b - a potion of ambrosia
 d - a potion of brilliance
 h - a potion of degeneration {unknown}
 j - a potion of attraction {unknown}


   Skills:
 + Level 2.9 Fighting
 + Level 3.0 Dodging
 + Level 3.9 Unarmed Combat


You had 3 spell levels left.
You didn't know any spells.
Your spell library was empty.

Dungeon Overview and Level Annotations

Branches:
Dungeon (3/15)

Altars:
Xom


Innate Abilities, Weirdness & Mutations

You are too large for most types of armour.
You have claws for hands.
Your natural rate of healing is unusually fast.
You are covered in fur. (AC +1)
You have tough skin. (AC +1)


Message History

The gnoll misses you.
The gnoll hits you from afar with a +0 spear!
You are too injured to fight recklessly!
You are too injured to fight recklessly!
You are too injured to fight recklessly!
You are too injured to fight recklessly!
You are too injured to fight recklessly!
You are too injured to fight recklessly!
You are too injured to fight recklessly!
You are too injured to fight recklessly!
You are too injured to fight recklessly!
You are too injured to fight recklessly!
You are too injured to fight recklessly!
You are too injured to fight recklessly!
You are too injured to fight recklessly!
You are too injured to fight recklessly!
You are too injured to fight recklessly!
You are too injured to fight recklessly!
You are too injured to fight recklessly!
The adder attacks as you move away! The adder bites you.
The gnoll hits you with a +0 club. The gnoll barely misses you.
The gnoll hits you from afar with a +0 spear.
* * * LOW HITPOINT WARNING * * *
The gnoll completely misses you.
The adder bites you but does no damage. "Hum-dee-hum-dee-hum..."
The adder is charmed.
The gnoll hits you with a +0 flail.
* * * LOW HITPOINT WARNING * * *
The gnoll hits your adder with a +0 spear.
The gnoll hits you from afar with a +0 spear.
* * * LOW HITPOINT WARNING * * *
Your adder bites the gnoll.
There are monsters nearby!
Unknown command.
Nothing quivered!
It was a potion of brilliance.
You feel clever all of a sudden.
Xom is highly amused!
The gnoll hits you with a +0 flail!
You die...
Xom is highly amused!

##.....#....
##.......>...
#............
#......<.....
#............
#.....g......
############....S.......
................ggg.....
.#....#######...@.......
........................
##....############......
###.## ...... #.# #.....
#.# .#... #.# .#... #.#
.. #.#


You could see 4 gnolls and a friendly adder (charmed).

Vanquished Creatures
  An adder (D:2)
  A worm (D:3)
  6 endoplasms
  2 giant cockroaches (D:1)
  7 goblins
  4 hobgoblins
  3 jackals (D:1)
  6 kobolds
  2 quokkas
  5 ball pythons
  5 bats
  4 frilled lizards
  5 rats
51 creatures vanquished.

Notes
Turn   | Place    | Note
-------+----------+-------------------------------------------
     0 | D:1      | MrPagan1517 the Troll Monk began the quest for the Orb.
     0 | D:1      | Reached XP level 1. HP: 22/22 MP: 0/0
   164 | D:1      | Reached XP level 2. HP: 29/29 MP: 1/1
   702 | D:1      | Reached XP level 3. HP: 36/36 MP: 2/2
   830 | D:1      | Found a faded altar of an unknown god.
  1015 | D:1      | Prayed at the altar of an unknown god.
  1015 | D:1      | Became a worshipper of Xom of Chaos
  1133 | D:2      | XOM: divination: detect creatures
  1282 | D:2      | XOM: divination: detect items
  1535 | D:2      | XOM: silly message
  1920 | D:3      | Reached XP level 4. HP: 41/44 MP: 3/3
  1967 | D:3      | XOM: enchant monster (good)
  1968 | D:3      | Slain by a gnoll

Illustrated notes

Levels and vault maps discovered:
D:1:      erik_arrival_triangle_small, layout_loops_corners,
          ebering_ecumenical_altar_abandoned, serial_bayou_pond_e,
          wander_ebering_terrifying_dragon_lair
D:2:      layout_loops_cross, serial_rivers, chequers_serial_rivers_room_a,
          chequers_serial_rivers_micro_e, chequers_serial_rivers_room_a,
          chequers_serial_rivers_large_b
D:3:      layout_rooms

Skill      XL: |  1  2  3 |
---------------+----------+-----
Dodging        | 3 |  3.0
Fighting       | |  2.9
Unarmed Combat | |  3.9

Action                     |  1- 3 |  4- 6 || total
---------------------------+-------+-------++-------
  Melee: Unarmed           |    91 |     5 ||    96
    Use: Potion            |       |     1 ||     1
 Armour: Robe              |    26 |     3 ||    29
  Dodge: Dodged            |    51 |    11 ||    62
